 Dungeon Crawl Stone Soup version 0.19-a0-1731-g1e0734d (webtiles) character file.

16038 Psiweapon the Nimble (level 12, -4/62 HPs)
             Began as a Kobold Gladiator on Sept 30, 2016.
             Was a High Priest of Okawaru.
             Slain by a cyan ugly thing (13 damage)
             ... on level 13 of the Dungeon.
             The game lasted 01:00:29 (14971 turns).

Psiweapon the Nimble (Kobold Gladiator)            Turns: 14971, Time: 01:00:29

Health: -4/62      AC:  9    Str: 19      XL:     12   Next: 65%
Magic:  17/17      EV: 22    Int: 10 (12) God:    Okawaru [*****.]
Gold:   134        SH:  0    Dex: 19 (23) Spells: 0 memorised, 11 levels left

rFire  . . .     SeeInvis .     a - +0 lajatang (speed)
rCold  + . .     Gourm    .     P - +1 ring mail of Melancholy {-Cast +Blink rC+ Dex+4}
rNeg   . . .     Faith    .     (shield currently unavailable)
rPois  +         Spirit   .     (helmet restricted)
rElec  .         Dismiss  .     (no cloak)
rCorr  .         Reflect  .     A - +2 pair of gloves
MR     .....     Harm     .     (no boots)
Stlth  +++++..... NoCast   +    (no amulet)
                                Q - +4 ring of strength
                                q - ring of poison resistance

@: no status effects
A: antennae 1, carnivore 3, clever 1, deformed body, low mp 1, shaggy fur 1,
slow regeneration 1, strong 1
a: Heroism, Finesse, Renounce Religion, Evoke Blink


You were on level 13 of the Dungeon.
You worshipped Okawaru.
Okawaru was extremely pleased with you.
You were completely stuffed.

You visited 3 branches of the dungeon, and saw 17 of its levels.

You collected 673 gold pieces.
You spent 539 gold pieces at shops.

Inventory:

Hand Weapons
 a - a +0 lajatang of speed (weapon)
 b - the +3 dagger "Xatopso" {elec, +Inv}
   (You bought it in a shop on level 11 of the Dungeon)

   Occasionally, upon striking a foe, it will discharge some electrical energy
   and cause terrible harm.
   It lets you turn invisible.
 e - a +3 quarterstaff
 o - a +0 short sword of venom
 V - a +0 blowgun
Missiles
 d - 3 throwing nets
 h - 7 poisoned tomahawks
 y - 15 tomahawks (quivered)
 G - 67 poisoned needles
 R - 3 steel tomahawks
Armour
 c - a +0 helmet
 j - the +1 ice dragon armour of the Three Deaths {rF- rC++ rN+ Stlth+}
   (Okawaru gifted it to you on level 14 of the Dungeon)

   It makes you vulnerable to fire.
   It greatly protects you from cold.
   It protects you from negative energy.
   It makes you more stealthy.
 A - a +2 pair of gloves (worn)
 P - the +1 ring mail of Melancholy (worn) {-Cast +Blink rC+ Dex+4}
   (You found it on level 7 of the Dungeon)

   It affects your dexterity (+4).
   It protects you from cold.
   It lets you blink.
   It prevents spellcasting.
 Y - a +0 fire dragon armour
Jewellery
 q - a ring of poison resistance (left hand)
 N - an uncursed ring of positive energy
 Q - a +4 ring of strength (right hand)
 U - a +4 ring of dexterity
Wands
 r - a wand of iceblast (12/15)
 E - a wand of paralysis (0/24)
 F - a wand of disintegration (15/24)
 H - a wand of slowing (26/48)
 S - a wand of slowing (9/48)
 T - a wand of teleportation (2/9)
 W - a wand of polymorph (11/24)
 Z - a wand of disintegration (4/24)
Scrolls
 i - 12 scrolls of remove curse
 k - 2 scrolls of recharging
 l - a scroll of identify
 n - 2 scrolls of fear
 p - 2 scrolls of blinking {unknown}
 t - 4 scrolls of fog
 u - 5 scrolls of teleportation
 C - 4 scrolls of immolation
 J - a scroll of enchant armour
Potions
 g - a potion of heal wounds
 s - 8 potions of curing
 w - 2 potions of magic
 B - 3 potions of might
 D - 3 potions of invisibility
 M - 2 potions of lignification
 X - 2 potions of brilliance
Comestibles
 f - 9 meat rations
 m - 3 chunks of flesh
 z - 13 royal jellies
 I - 7 beef jerkies
 K - 2 slices of pizza


   Skills:
 - Level 2.1 Fighting
 + Level 10.0 Short Blades
 - Level 8.1 Staves
 - Level 2.1 Throwing
 - Level 6.7 Armour
 - Level 10.8 Dodging
 - Level 10.3 Stealth
 + Level 10.1 Evocations


You had 11 spell levels left.
You didn't know any spells.

Dungeon Overview and Level Annotations

Branches:
Dungeon (15/15)            Temple (1/1) D:6            Lair (0/6) D:11
    Orc (1/2) D:10
 Vaults: D:13-14     Depths: D:15

Altars:
Ashenzari
Cheibriados
Dithmenos
Elyvilon
Fedhas
Gozag
Hepliaklqana
Kikubaaqudgha
Makhleb
Nemelex Xobeh
Okawaru
Qazlal
Ru
Sif Muna
Trog
Uskayaw
Vehumet
Xom
Yredelemnul
Zin
The Shining One

Shops:
D:5 !   D:8 =::   D:11 =(=((   D:12 (

Annotations:
D:5 exclusion: downstairs
D:6 Psiweapon's ghost, novice KoHu
D:7 1 runed door, exclusion: downstairs
D:8 exclusion: upstairs
D:10 Josephine


Innate Abilities, Weirdness & Mutations

You are small and have problems with some larger weapons.
You are carnivorous and can eat meat at any time.
You have a pair of small antennae on your head.
Your mind is acute. (Int +2)
Armour fits poorly on your strangely shaped body.
Your magical capacity is low. (-10% MP)
You are covered in fur. (AC +1)
You regenerate slowly when monsters are visible.
Your muscles are strong. (Str +2)


Message History

You feel your intelligence returning.
Your Short Blades skill increases to level 10!
You see here a worker ant corpse.
You butcher the worker ant corpse.
m - 3 chunks of flesh A cyan ugly thing comes into view.
The cyan ugly thing gurgles horribly!
Found a scroll of identify.
You slash the cyan ugly thing!
The cyan ugly thing is moderately wounded.
You slash the cyan ugly thing!
The cyan ugly thing is moderately wounded.
The cyan ugly thing claws you! The cyan ugly thing shocks you!
* * * LOW HITPOINT WARNING * * *
You hit the cyan ugly thing.
The cyan ugly thing is moderately wounded.
The cyan ugly thing claws you.
* * * LOW HITPOINT WARNING * * *
The cyan ugly thing shocks you!
You die...

#.#.# #.##.#
#.#.# ### #.##.#
#.#.# #.# #.##.#
#.#.#######.#
#.##.#
#...........#
#.##.##
#######.#######.#
#.##... ...####.#
#.# # #.#####
........#
#.##.###.# #.#
##.######
#.@u...... #.#
##.# ####.##?##
#.# ##.# #
#.##### ...#
#<..... ####
#######


You could see a cyan ugly thing.

Vanquished Creatures
  A centaur warrior (D:13)
  4 hill giants
  Pikel (D:5)
  An ugly thing (D:12)
  A manticore (D:9)
  2 centaur skeletons (D:13)
  6 kobold demonologists
  Prince Ribbit (D:8)
  4 trolls
  A hippogriff (D:13)
  A shadow (D:13)
  A spriggan (shapeshifter) (D:13)
  4 wraiths
  Eustachio (D:4)
  11 yaks (D:12)
  A wyvern (D:14)
  Edmund (D:5)
  A soldier ant (D:8)
  4 sky beasts
  3 ice beasts
  3 orc warriors
  A black bear (D:9)
  3 slaves
  A wasp (D:8)
  A phantom (D:11)
  6 ogres
  5 centaurs
  8 bullfrogs
  5 big kobolds
  A wyvern skeleton (D:12)
  4 scorpions
  4 wights (D:11)
  3 howler monkeys
  2 wasp zombies
  4 crimson imps
  A bullfrog zombie (D:9)
  7 hounds
  3 centaur zombies
  4 jellies
  2 bullfrog skeletons
  11 orc priests
  6 iguanas
  13 orc wizards
  11 worker ants
  A killer bee zombie (D:5)
  A worker ant zombie (D:6)
  5 adders
  4 shadow imps
  An ooze (D:2)
  2 adder skeletons
  6 worms
  A dart slug (D:3)
  5 leopard geckos
  29 orcs
  A ball python (D:2)
  3 giant cockroaches
  4 goblins
  10 hobgoblins
  3 jackals (D:4)
  5 quokkas
  7 bats
  3 frilled lizards
  A jackal skeleton (D:7)
  16 kobolds
  A leopard gecko zombie (D:7)
  A quokka skeleton (D:7)
  5 rats
274 creatures vanquished.

Vanquished Creatures (others)
  A slave (D:5)
1 creature vanquished.

Grand Total: 275 creatures vanquished

Notes
Turn   | Place    | Note
-------+----------+-------------------------------------------
     0 | D:1      | Psiweapon the Kobold Gladiator began the quest for the Orb.
     0 | D:1      | Reached XP level 1. HP: 12/12 MP: 1/1
    21 | D:1      | Reached skill level 1 in Stealth
    88 | D:1      | Reached XP level 2. HP: 13/17 MP: 2/2
   215 | D:1      | Reached skill level 1 in Short Blades
   410 | D:2      | Reached XP level 3. HP: 17/21 MP: 3/3
  1043 | D:2      | Found a snail-covered altar of Cheibriados.
  1414 | D:3      | Reached XP level 4. HP: 26/26 MP: 4/4
  1457 | D:4      | Noticed an ogre
  1472 | D:4      | Killed an ogre
  1472 | D:4      | Reached XP level 5. HP: 30/30 MP: 5/5
  1772 | D:3      | Found a blossoming altar of Fedhas.
  2098 | D:3      | Reached skill level 5 in Stealth
  2567 | D:4      | Reached XP level 6. HP: 35/35 MP: 6/6
  2569 | D:4      | Noticed Eustachio
  2582 | D:4      | Killed Eustachio
  2582 | D:4      | Reached skill level 5 in Short Blades
  2606 | D:5      | Entered Level 5 of the Dungeon
  2620 | D:5      | Noticed Edmund
  2835 | D:5      | Noticed Pikel
  2835 | D:5      | Noticed a slave
  2835 | D:5      | Noticed a slave
  2835 | D:5      | Noticed a slave
  2836 | D:5      | Noticed a slave
  2854 | D:4      | Killed a slave
  3007 | D:4      | Reached XP level 7. HP: 40/40 MP: 7/7
  3214 | D:5      | Killed Pikel
  3214 | D:5      | Reached XP level 8. HP: 25/44 MP: 8/8
  3478 | D:6      | Noticed Psiweapon's ghost (novice KoHu)
  3789 | D:5      | Reached skill level 5 in Staves
  4515 | D:6      | Found a hazy altar of Hepliaklqana.
  4516 | D:6      | Found a shimmering altar of Xom.
  4517 | D:6      | Noticed a spectral ugly thing
  4769 | D:7      | Got a scorched ring mail
  4770 | D:7      | Identified the cursed +1 ring mail of Melancholy {-Cast +Blink rC+ Dex+4} (You found it on level 7 of the Dungeon)
  4816 | D:8      | Found Zeboti's Jewellery Shoppe.
  4818 | D:8      | Found Alazuoq's Book Boutique.
  4869 | D:8      | Reached skill level 1 in Armour
  4869 | D:8      | Reached skill level 10 in Stealth
  4870 | D:8      | Reached XP level 9. HP: 48/48 MP: 9/9
  4901 | D:8      | Noticed a two-headed ogre
  5311 | D:7      | Noticed a moth of wrath
  5324 | D:7      | Found a runed door.
  5654 | D:6      | Found a staircase to the Ecumenical Temple.
  5679 | Temple   | Entered the Ecumenical Temple
  5769 | Temple   | Became a worshipper of Warmaster Okawaru
  5866 | D:6      | Found an iron altar of Okawaru.
  5957 | D:5      | Killed Edmund
  6209 | D:5      | Found Saalu's Distillery.
  6229 | D:5      | Bought a potion of heal wounds for 55 gold pieces
  6229 | D:5      | Bought a potion of curing for 33 gold pieces
  6229 | D:5      | Bought a potion of curing for 33 gold pieces
  6229 | D:5      | Bought a potion of might for 44 gold pieces
  6265 | D:5      | Reached skill level 5 in Armour
  6797 | D:6      | Found a snail-covered altar of Cheibriados.
  6797 | D:6      | Found an ancient bone altar of Kikubaaqudgha.
  6798 | D:6      | Found an opulent altar of Gozag.
  7076 | D:8      | Noticed Prince Ribbit
  7282 | D:7      | Reached * piety under Okawaru
  7405 | D:8      | Killed Prince Ribbit
  7416 | D:8      | Found Hinegh's Book Shoppe.
  7720 | D:7      | Found a bloodstained altar of Trog.
  7737 | D:7      | Reached XP level 10. HP: 47/53 MP: 10/10
  8361 | D:10     | Entered Level 10 of the Dungeon
  8391 | D:10     | Found a staircase to the Orcish Mines.
  8948 | D:9      | Noticed a manticore
  8960 | D:9      | Reached ** piety under Okawaru
  8960 | D:9      | Reached skill level 5 in Dodging
  8966 | D:9      | Killed a manticore
  9670 | D:9      | Got a faintly humming chain mail
  9671 | D:9      | Identified the cursed +0 chain mail of the Ladybird {*Drain rN++} (You found it on level 9 of the Dungeon)
 10357 | D:10     | Reached *** piety under Okawaru
 10709 | D:10     | Found a glowing golden altar of the Shining One.
 11084 | D:11     | Noticed a hill giant
 11123 | D:11     | Killed a hill giant
 11123 | D:11     | Reached XP level 11. HP: 57/57 MP: 9/11
 11131 | D:11     | Found Jufonimy's Weapon Emporium.
 11416 | D:12     | Reached **** piety under Okawaru
 11416 | D:12     | Reached skill level 1 in Evocations
 11440 | D:12     | Found a snail-covered altar of Cheibriados.
 11536 | D:10     | Noticed Josephine
 11550 | D:10     | HP: 2/57 [Josephine/ghostly fireball (26)]
 11556 | Orc:1    | Entered Level 1 of the Orcish Mines
 12087 | D:11     | Found Utest's Jewellery Shoppe.
 12321 | D:11     | Found a staircase to the Lair.
 12371 | D:11     | Noticed a sun demon
 12506 | D:11     | Found Zuipah's Weapon Shoppe.
 12547 | D:11     | Found Tadgh's Antique Weapon Shop.
 12639 | D:11     | Found Saucanyps's Jewellery Emporium.
 12665 | D:11     | Reached skill level 10 in Dodging
 12665 | D:11     | Reached skill level 5 in Evocations
 12707 | D:11     | Noticed a hill giant
 12720 | D:11     | Killed a hill giant
 12843 | D:11     | Gained mutation: You have supernaturally acute eyesight. (SInv) [mutagenic meat]
 12846 | D:11     | Gained mutation: Armour fits poorly on your strangely shaped body. [mutagenic meat]
 12849 | D:11     | Gained mutation: You are covered in fur. (AC +1) [mutagenic meat]
 12852 | D:11     | Gained mutation: You are clumsy. (Dex -2) [mutagenic meat]
 12855 | D:11     | Lost mutation: You have supernaturally acute eyesight. (SInv) [mutagenic meat]
 12985 | D:12     | Reached ***** piety under Okawaru
 13016 | D:13     | Noticed a hill giant
 13039 | D:13     | Killed a hill giant
 13039 | D:13     | Received a gift from Okawaru
 13213 | D:11     | Bought the +3 dagger "Xatopso" {elec, +Inv} for 374 gold pieces
 13243 | D:13     | Reached XP level 12. HP: 62/62 MP: 15/17
 13378 | D:12     | Found Vohuxups's Weapon Boutique.
 14125 | D:12     | Found a sacrificial altar of Ru.
 14186 | D:12     | Lost mutation: You are clumsy. (Dex -2) [mutagenic meat]
 14189 | D:12     | Gained mutation: Your flesh is cold resistant. (rC+) [mutagenic meat]
 14192 | D:12     | Gained mutation: Your body sometimes deteriorates upon taking damage. [mutagenic meat]
 14236 | D:12     | Gained mutation: You have a pair of small antennae on your head. [mutagenic meat]
 14239 | D:12     | Lost mutation: Your flesh is cold resistant. (rC+) [mutagenic meat]
 14242 | D:12     | Gained mutation: Your mind is acute. (Int +2) [mutagenic meat]
 14496 | D:13     | Noticed a centaur warrior
 14507 | D:13     | Killed a centaur warrior
 14725 | D:14     | Gained mutation: Your muscles are strong. (Str +2) [potion of mutation]
 14726 | D:14     | Gained mutation: Your magical capacity is low. (-10% MP) [potion of mutation]
 14726 | D:14     | Gained mutation: You regenerate slowly when monsters are visible. [potion of mutation]
 14726 | D:14     | Lost mutation: Your body sometimes deteriorates upon taking damage. [potion of mutation]
 14741 | D:14     | Received a gift from Okawaru
 14741 | D:14     | Reached skill level 10 in Evocations
 14744 | D:14     | Got a shimmering ice dragon armour {god gift}
 14757 | D:14     | Identified the +1 ice dragon armour of the Three Deaths {rF- rC++ rN+ Stlth+} (Okawaru gifted it to you on level 14 of the Dungeon)
 14775 | D:15     | Entered Level 15 of the Dungeon
 14775 | D:15     | Found an opulent altar of Gozag.
 14958 | D:13     | Reached skill level 10 in Short Blades
 14971 | D:13     | Slain by a cyan ugly thing

Vault maps used:
D:1:      scummos_arrival_forest, minmay_pentomino_q4
D:2:      first_bread, cheibriados_altar_1
D:3:      lemuel_upstairs_altar
D:4:      uniq_eustachio
D:5:      serial_shops, shop, uniq_edmund, uniq_pikel
D:6:      regret_index_temple_of_mockery, gammafunk_temple_overflow_claw,
          okawaru_gym_becter
D:7:      tgw_trog, lightli_church_of_beogh
D:8:      serial_shops, nicolae_shop_trees, nicolae_shop_statue_plus,
          nicolae_shop_stone, kennysheep_mini, hangedman_pestilent_swarm,
          dk_noncrumbling_2, uniq_prince_ribbit1
D:10:     david_orc_3, nicolae_tso_carved_into_rock, uniq_josephine
D:11:     lair_0_dummy, serial_shops, nicolae_shop_trees, shop,
          kennysheep_mini_moat, shop, shop
D:12:     basic_altar, serial_shops, shop, nicolae_ru_path_of_blood
D:13:     minmay_holes
D:14:     erik_vaults_2, minmay_staircase_statues_hall_large
D:15:     hangedman_depths_entry_civil_slaughter, nicolae_gozag_seed_capital,
          uniq_sonja
Temple:   regret_index_temple_waves
Orc:1:    serial_shops, nicolae_shop_behind_doors, rock_pile

Skill      XL: |  1  2  3  4  5  6  7  8  9 10 11 12 |
---------------+-------------------------------------+-----
Stealth        | 1 2 3 4 5 6 8 10 | 10.3
Short Blades   | 1 2 4 5 6 10 | 10.0
Staves         | 4 5 8 |  8.1
Armour         | 1 6 |  6.7
Dodging        | 8 10 | 10.8
Evocations     | 7 10 | 10.1
Fighting       | |  2.1
Throwing       | |  2.1

Action                   |  1- 3 |  4- 6 |  7- 9 | 10-12 || total
-------------------------+-------+-------+-------+-------++-------
Melee: Short sword       |    65 |    59 |   158 |    94 ||   376
       Quarterstaff      |     1 |     8 |   127 |       ||   136
       Dagger            |       |       |    12 |    68 ||    80
       Lajatang          |       |       |       |   519 ||   519
 Fire: Blowgun           |       |       |     2 |       ||     2
Throw: Tomahawk          |       |       |       |     2 ||     2
Invok: Heroism           |       |       |       |     9 ||     9
 Abil: Evoke Blink       |       |       |       |     2 ||     2
       Evoke Invisibilit |       |       |       |     5 ||     5
       Turn Visible      |       |       |       |     2 ||     2
Evoke: Wand              |       |       |     4 |     3 ||     7
  Use: Scroll            |     1 |     2 |     5 |    15 ||    23
       Potion            |       |       |     2 |    11 ||    13
 Stab: Sleeping          |     8 |     6 |    16 |    36 ||    66
       Distracted        |       |       |     7 |     2 ||     9
       Invisible         |       |       |       |     8 ||     8
  Eat: Chunk             |    10 |     4 |    15 |    38 ||    67
Armor: Leather armour    |     4 |     8 |    23 |       ||    35
       Ring mail         |       |       |    42 |   133 ||   175
Dodge: Dodged            |    45 |    45 |   179 |   461 ||   730
